Map: Scythe of Amon

Players

HiotV

  • Race: Protoss Protoss
  • Spawn Location: 5:00

NamroodTuo

  • Race: Terran Terran
  • Spawn Location: 5:00

VOD

Have the link to the VOD?

Description

Time

  • Played on: April 24, 2023, 10:21 a.m.
  • Length: 18:13
Show
View Real Time Build Order
Export as new Build Order

HiotV Protoss 

Build Orders:  

Get SALT Encoding   

  12  0:01  Probe (Chrono Boost)  
  13  0:13  Probe (Chrono Boost)  
  14  0:25  Probe (Chrono Boost)  
  15  0:42  Pylon  
  15  1:05  Probe (Chrono Boost)  
  16  1:12  Gateway  
  16  1:17  Probe (Chrono Boost)  
  17  1:29  Probe (Chrono Boost)  
  17  1:38  Assimilator  
  18  1:41  Probe (Chrono Boost)  
  19  1:53  Probe (Chrono Boost)  
  20  2:05  Probe (Chrono Boost)  
  21  2:23  Probe (Chrono Boost)  
  21  2:27  Cybernetics Core  
  22  2:35  Probe (Chrono Boost)  
  23  2:41  Assimilator  
  23  2:42  Solar Efficiency Level 1  
  23  3:26  Pylon  
  23  3:33  Robotics Facility  
  23  3:47  Pylon  
  23  3:49  Probe (Chrono Boost)  
  24  4:01  Probe (Chrono Boost)  
  25  4:13  Probe (Chrono Boost)  
  26  4:23  Gateway  
  26  4:25  Probe (Chrono Boost)  
  27  4:37  Probe (Chrono Boost)  
  27  4:40  Pylon  
  27  4:43  Pylon  
  27  4:44  Immortal  
  27  4:46  Pylon  
  32  5:04  Robotics Bay  
  32  5:12  Energizer  
  34  5:20  Probe (Chrono Boost)  
  34  5:24  Sentinel  
  37  5:44  Sentinel  
  39  6:34  Immortal  
  43  7:07  Colossus  
  43  7:16  Extended Thermal Lance  
  43  7:24  Robotics Facility  
  43  7:28  Gateway  
  49  7:31  Twilight Council  
  43  8:23  Immortal  
  43  8:27  Colossus  
  43  8:35  Sentinel x3  
  59  8:54  Warp Gate  
  59  9:11  Charge  
  59  9:13  Gravitic Boosters  
  59  9:58  Stargate  
  59  10:29  Energizer  
  61  10:31  Sentinel  
  63  10:44  Pylon  
  63  10:46  Pylon  
  63  10:48  Pylon  
  63  10:50  Pylon  
  59  11:04  Sentinel x2  
  61  11:22  Sentinel  
  59  11:33  Fleet Beacon  
  57  11:48  Energizer  
  57  12:15  Sentinel x3  
  63  12:22  Probe (Chrono Boost)  
  64  12:33  Nexus  
  64  12:37  Probe (Chrono Boost)  
  65  12:52  Probe (Chrono Boost)  
  65  12:56  Energizer  
  64  13:06  Probe (Chrono Boost)  
  64  13:08  Sentinel x3  
  71  13:21  Probe (Chrono Boost)  
  71  13:28  Assimilator  
  72  13:35  Assimilator  
  72  13:38  Pylon  
  72  13:43  Pylon  
  72  14:11  Probe (Chrono Boost)  
  72  14:16  Probe (Chrono Boost)  
  74  14:24  Probe (Chrono Boost)  
  75  14:31  Probe (Chrono Boost), Sentinel x2  
  75  14:32  Sentinel  
  75  14:36  Probe (Chrono Boost)  
  83  14:46  Probe (Chrono Boost)  
  83  14:48  Probe (Chrono Boost)  
  83  15:00  Probe x2 (Chrono Boost)  
  83  15:04  Carrier  
  75  15:15  Probe (Chrono Boost)  
  75  15:17  Energizer  
  70  15:25  Solar Efficiency Level 2  
  70  15:28  Sentinel x3  
  82  15:45  Stargate  
  82  15:57  Probe (Chrono Boost)  
  82  16:02  Probe (Chrono Boost)  
  84  16:48  Sentinel x3  
  84  17:37  Unknown  
Show
View Real Time Build Order
Export as new Build Order

NamroodTuo Terran 

Build Orders:  

Get SALT Encoding   

  12  0:06  SCV  
  13  0:18  SCV  
  14  0:34  SCV, Factory  
  15  0:55  Supply Depot  
  15  1:13  SCV  
  16  1:25  SCV  
  16  1:29  Refinery  
  17  1:37  SCV  
  17  1:39  Refinery  
  18  1:48  SCV  
  19  2:00  SCV  
  19  2:04  Supply Depot  
  20  2:39  Perdition Turret  
  20  2:42  SCV  
  21  2:54  SCV  
  22  3:03  Perdition Turret  
  22  3:11  SCV  
  23  3:30  SCV  
  23  3:36  Engineering Bay  
  24  3:43  Perdition Turret  
  24  4:17  Devastation Turret  
  24  4:27  Armory, SCV  
  25  4:39  SCV, Devastation Turret  
  26  4:51  SCV  
  26  4:59  Spinning Dizzy  
  27  5:02  SCV  
  27  5:08  Spinning Dizzy  
  28  5:35  Starport  
  28  5:37  Hellion  
  30  5:55  Supply Depot  
  30  6:28  Supply Depot  
  30  6:41  Regenerative Bio-Steel  
  30  6:47  Upgrade Laser Drill Level 1  
  30  6:50  Starport Tech Reactor  
  30  6:56  SCV  
  31  7:08  SCV  
  30  7:55  Wraith x2, Advanced Optics  
  30  8:07  Supply Depot  
  34  8:27  Supply Depot  
  34  8:29  Science Vessel, Wraith  
  38  8:44  Pulse Amplifier  
  38  9:01  Starport  
  38  9:14  Wraith  
  38  9:15  Wraith  
  42  9:34  Terran Vehicle and Ship Weapons Level 1  
  42  9:37  Improved Nano-Repair  
  42  10:00  Wraith  
  42  10:01  Science Vessel, Wraith  
  48  10:14  Perdition Turret x3  
  48  10:29  Displacement Field  
  48  10:35  Wraith  
  48  10:43  Upgrade Laser Drill Level 2  
  50  10:55  Supply Depot  
  50  11:18  Defensive Matrix  
  50  11:26  Supply Depot  
  50  11:31  Wraith  
  50  11:33  Wraith  
  56  11:53  Wraith, Terran Vehicle And Ship Armor Level 1  
  56  11:54  Starport Tech Reactor  
  56  11:57  Supply Depot  
  56  12:05  Science Vessel  
  58  12:29  Supply Depot  
  56  12:43  Perdition Turret  
  56  12:51  Science Vessel  
  56  12:52  Science Vessel, Wraith  
  62  13:01  Supply Depot  
  62  13:08  Spinning Dizzy  
  62  13:16  Perdition Turret x2  
  62  13:17  Perdition Turret  
  62  13:19  Perdition Turret  
  60  13:29  Supply Depot  
  60  13:38  Wraith x4  
  50  14:12  Wraith  
  50  14:13  Wraith  
  50  14:19  Wraith  
  52  14:50  Command Center  
  52  14:56  Wraith  
  46  15:40  Wraith x3  
  50  16:28  Science Vessel  
  50  16:29  Science Vessel, Wraith  
  50  16:30  Wraith  
  56  16:52  Wraith x2  
  56  16:59  SCV  
  56  17:08  SCV  
  59  17:14  SCV  
  62  17:20  SCV  
  62  17:25  Wraith x2  
Tags
 
Commander
KaraxSwann
Matchup
Co-op
Replay Pack
Multiplayer
Add a new tag
Caveats
  • Supply blocks, unpowered buildings, or Contaminate may cause inaccurate times.
  • Supply counts are checked every 10 seconds.